 Dungeon Crawl Stone Soup version 0.18-a0-1689-g473dde0 (webtiles) character file.

36 Eucla the Charlatan (level 3, -10/32 HPs)
             Began as a Deep Dwarf Artificer on Apr 5, 2016.
             Mangled by a kobold
             ... wielding a +0 dagger of electrocution
              (18 damage)
             ... on level 2 of the Dungeon.
             The game lasted 00:01:53 (762 turns).

Eucla the Charlatan (Deep Dwarf Artificer)           Turns: 762, Time: 00:01:53

Health: -10/32     AC:  5    Str: 14    XL:     3   Next: 19%
Magic:  6/6        EV: 11    Int: 12    God:
Gold:   83         SH:  0    Dex: 14    Spells: 0 memorised, 2 levels left

rFire  . . .     SeeInvis .     a - +0 short sword
rCold  . . .     Gourm    .     h - +0 ring mail
rNeg   . . .     Faith    .     (no shield)
rPois  +         Spirit   .     (no helmet)
rElec  .         Dismiss  .     (no cloak)
rCorr  .         Reflect  .     (no gloves)
SustAt .         Harm     .     (no boots)
MR     .....                    (no amulet)
Stlth  +.........               (no ring)
                                n - ring of poison resistance

@: non-regenerating, not resistant to hostile enchantments, very unstealthy
A: damage resistance, recharge devices, sense surroundings 1, slow regeneration
3
a: Device Recharging


You were on level 2 of the Dungeon.
You were not hungry.

You visited 1 branch of the dungeon, and saw 2 of its levels.

You collected 83 gold pieces.

Inventory:

Hand Weapons
 a - a +0 short sword (weapon)
Armour
 b - a +0 leather armour
 h - a +0 ring mail (worn)
Jewellery
 n - a ring of poison resistance (left hand)
Wands
 c - a wand of flame (15/48)
 d - a wand of enslavement (15/24)
 e - a wand of random effects (15/48)
 f - a wand of heal wounds (5/9)
Scrolls
 i - 2 scrolls of amnesia {unknown}
 j - 3 scrolls of identify {unknown}
 m - a scroll of noise {unknown}
 o - 2 scrolls of enchant weapon {unknown}
 r - a scroll of enchant armour {unknown}
Potions
 k - a potion of agility {unknown}
 l - a potion of might {unknown}
 p - a potion of ambrosia {unknown}
 q - a potion of curing {unknown}
Comestibles
 g - 3 bread rations


   Skills:
 + Level 1.8 Fighting
 - Level 0.8 Short Blades
 + Level 1.5 Armour
 - Level 2.1 Dodging
 - Level 1.2 Stealth
 + Level 4.6 Evocations


You had 2 spell levels left.
You didn't know any spells.

Dungeon Overview and Level Annotations

Branches:
Dungeon (2/15)

Altars:


Innate Abilities, Weirdness & Mutations

You are resistant to damage.
You can recharge devices by infusing magical energy.
You passively map a small area around you.
You do not regenerate naturally.


Message History

There is an escape hatch in the floor here.
A kobold comes into view.
It is wielding a dagger of electrocution.
The kobold shouts!
The kobold hits you with a dagger of electrocution.
You hit the kobold.
The kobold is severely wounded.
The kobold hits you with a dagger of electrocution.
You closely miss the kobold.
The kobold is severely wounded.
The kobold hits you but does no damage.
You are electrocuted!
Ouch! That really hurt!
* * * LOW HITPOINT WARNING * * *
You are too injured to fight recklessly!
You are too injured to fight recklessly!
You are too injured to fight recklessly!
You barely miss the kobold.
The kobold is severely wounded.
The kobold hits you but does no damage.
You are electrocuted!
Ouch! That really hurt!
You die...

*, * , * ###.#
* ,* #.# * #+
#.# #. #.# *
#.### * #####.#
##.#.. ..##.#
####....# *
#.##.# ,
.......K#
####.##.#
#...@#
#.......#
,##.#.#
#.##.####
#.####.###.##.#
#..........>..#
###############


You could see a kobold.

Vanquished Creatures
  3 dart slugs (D:1)
  A giant gecko (D:1)
  3 giant cockroaches (D:1)
  3 goblins (D:1)
  4 hobgoblins (D:1)
  A kobold (D:1)
  5 bats
  2 giant newts
  6 rats (D:1)
28 creatures vanquished.

Notes
Turn   | Place    | Note
--------------------------------------------------------------
     0 | D:1      | Eucla the Deep Dwarf Artificer began the quest for the Orb.
     0 | D:1      | Reached XP level 1. HP: 16/16 MP: 3/3
    23 | D:1      | Reached skill level 1 in Fighting
    67 | D:1      | Reached skill level 1 in Armour
    83 | D:1      | Reached XP level 2. HP: 23/25 MP: 5/5
   237 | D:1      | Reached XP level 3. HP: 24/32 MP: 6/6
   762 | D:2      | Mangled by a kobold

Vault maps used:
D:1:      dpeg_arrival_tiny_f, serial_forest, infiniplex_forest_straight_2,
          infiniplex_forest_straight_1, infiniplex_forest_clump_curved,
          infiniplex_forest_end_2

Skill      XL: |  1 |
---------------+----+-----
Fighting       | 1 |  1.8
Armour         | 1 |  1.5
Short Blades   | |  0.8
Dodging        | |  2.1
Stealth        | |  1.2
Evocations     | |  4.6

Action                   || total
-------------------------++-------
Melee: Short sword       ||    92
